 Dungeon Crawl Stone Soup version 0.18-a0-1797-gc18daef (webtiles) character file.

65212 ololoev the Severer (level 15, 0/132 (135) HPs)
             Began as a Hill Orc Fighter on Apr 22, 2016.
             Was an Elder of the Shining One.
             Shot with a bolt by a yaktaur (11 damage)
             ... on level 1 of the Depths.
             The game lasted 01:12:12 (20921 turns).

ololoev the Severer (Hill Orc Fighter)             Turns: 20921, Time: 01:12:14

HP:   0/132 (135)   AC: 19    Str: 31    XL:     15   Next: 15%
MP:   27/27         EV: -3    Int:  6    God:    the Shining One [****..]
Gold: 387           SH:  0    Dex: 21    Spells: 0 memorised, 14 levels left

rFire  . . .     SeeInvis +     a - +4 battleaxe (flame)
rCold  . . .     Gourm    .     W - +4 scale mail {rN+}
rNeg   + + +     Faith    .     (shield currently unavailable)
rPois  ∞         Spirit   .     T - +0 helmet of Kipecs {Int-2 Dex+6 SInv}
rElec  .         Dismiss  .     p - +2 cloak
rCorr  .         Reflect  +     m - +0 pair of gloves
SustAt .         Harm     .     (no boots)
MR     +....                    C - brooch of Shielding {Reflect SH+8}
Stlth  +.........               N - +5 ring of slaying
                                J - ring of poison resistance

@: mighty, agile, petrified, glowing, somewhat resistant to hostile
enchantments, very unstealthy
A: no striking features
a: Divine Shield, Cleansing Flame, Renounce Religion

Inventory:

Hand Weapons
 a - a +4 battleaxe of flaming (weapon)
Armour
 m - a +0 pair of gloves (worn)
 p - a +2 cloak (worn)
 T - the +0 helmet of Kipecs (worn) {Int-2 Dex+6 SInv}
   (You found it on level 14 of the Dungeon)

   It affects your intelligence (-2).
   It affects your dexterity (+6).
   It lets you see invisible.
 W - a +4 scale mail of positive energy (worn)
Jewellery
 o - an uncursed amulet of rage
 u - a cursed amulet of inaccuracy {unknown}
 C - the brooch of Shielding (around neck) {Reflect SH+8}
   (You found it on level 7 of the Dungeon)

   [amulet of reflection]

   It shields you and reflects attacks.
   It affects your SH (+8).
 J - a ring of poison resistance (left hand)
 M - an uncursed amulet of regeneration
 N - a +5 ring of slaying (right hand)
 U - an uncursed ring of protection from magic
Wands
 b - a wand of lightning (2/15)
 h - a wand of digging (5/24)
 n - a wand of disintegration (7/24)
 E - a wand of flame (16/48)
 I - a wand of teleportation (6/9)
 R - a wand of iceblast (7/15)
Scrolls
 c - 3 scrolls of remove curse
 e - 2 scrolls of immolation
 j - 4 scrolls of recharging
 s - a scroll of teleportation
 t - 2 scrolls of fear
 y - 4 scrolls of fog
 F - 2 scrolls of blinking
 P - 3 scrolls of enchant armour
 Q - 2 scrolls of amnesia
Potions
 q - a potion of agility
 w - a potion of magic
 A - a potion of flight
 B - a potion of cancellation
 D - 2 potions of brilliance
 G - 2 potions of cure mutation
Comestibles
 f - 8 bread rations
 g - 4 beef jerkies
 k - 31 fruits
 z - 4 slices of pizza
 K - 5 meat rations


   Skills:
 + Level 13.0 Fighting
 * Level 18.7 Axes
 + Level 12.1 Armour
 + Level 3.0 Dodging
   Level 3.2 Shields
 * Level 16.4 Invocations
 - Level 6.2 Evocations


You had 14 spell levels left.
You didn't know any spells.


You were on level 1 of the Depths.
You worshipped the Shining One.
The Shining One was greatly pleased with you.
You were not hungry.

You visited 3 branches of the dungeon, and saw 17 of its levels.
You also visited: Labyrinth and Bailey.

You collected 870 gold pieces.
You spent 483 gold pieces at shops.

#............
#.....(..cc..
#......((c.#
#......cccc#
#......c...#
#.....)R.≈♣#
.§#.......≈..#
≈....l.@y.≈P≈#
.§........♣.≈#
.##.######...
# ###

Notes
Turn   | Place    | Note
--------------------------------------------------------------
     0 | D:1      | ololoev the Hill Orc Fighter began the quest for the Orb.
     0 | D:1      | Reached XP level 1. HP: 19/19 MP: 1/1
    62 | D:1      | Reached skill level 3 in Axes
   163 | D:1      | Reached XP level 2. HP: 23/27 MP: 2/2
   428 | D:1      | Reached skill level 4 in Axes
   428 | D:1      | Reached XP level 3. HP: 30/33 MP: 3/3
   888 | D:2      | Reached XP level 4. HP: 35/40 MP: 4/4
  1016 | D:2      | Noticed Natasha
  1030 | D:2      | Killed Natasha
  1030 | D:2      | Reached skill level 5 in Axes
  1114 | D:2      | Noticed Crazy Yiuf
  1125 | D:2      | Killed Crazy Yiuf
  1125 | D:2      | Reached XP level 5. HP: 46/46 MP: 5/5
  1197 | D:2      | Noticed Natasha
  1204 | D:2      | Killed Natasha
  1204 | D:2      | Reached skill level 1 in Evocations
  1262 | D:2      | Noticed Natasha
  1271 | D:2      | Killed Natasha
  1496 | D:3      | Found a deep blue altar of Sif Muna.
  1534 | D:3      | Reached skill level 6 in Axes
  1724 | D:3      | Noticed Ijyb
  1736 | D:3      | Killed Ijyb
  1736 | D:3      | Reached XP level 6. HP: 55/55 MP: 5/7
  2106 | D:3      | Reached skill level 5 in Fighting
  2591 | D:4      | Reached skill level 7 in Axes
  2629 | D:4      | Reached XP level 7. HP: 59/61 MP: 8/8
  2798 | D:4      | DEFE: попробуй дубину и щит лучше
  2899 | D:4      | ololoev: зачем?
  2899 | D:4      | ololoev: это ж с морнингом бегать
  3021 | D:4      | ololoev: да и щит в аду не поможет
  3149 | D:4      | Found a bloodstained altar of Trog.
  3254 | D:4      | DEFE: ну в прошлый раз помог бы
  3254 | D:4      | DEFE: тебя же рукой убили
  3254 | D:4      | ololoev: меня до этого торментили и мочили хеллфаером
  3257 | D:5      | Entered Level 5 of the Dungeon
  3257 | D:5      | Found an iron altar of Okawaru.
  3264 | D:5      | Reached skill level 8 in Axes
  3264 | D:5      | Reached skill level 5 in Armour
  3447 | D:5      | Noticed Pikel
  3461 | D:5      | Killed Pikel
  3461 | D:5      | Reached skill level 9 in Axes
  3461 | D:5      | Reached XP level 8. HP: 66/71 MP: 10/10
  3499 | D:5      | partizan: а что окавару не взял? Собираешься кого то экзотического?
  3499 | D:5      | ololoev: тсо
  3499 | D:5      | Noticed Edmund
  3513 | D:5      | Killed Edmund
  3623 | D:5      | Found Waegheud's Magic Scroll Boutique.
  3626 | D:5      | partizan: а ну норм, раньше правда я пробовал на него ближе к концу переходить, когда уже окавару подарков надарит
  3626 | D:5      | Bought a scroll of identify for 22 gold pieces
  3626 | D:5      | Bought a scroll of identify for 22 gold pieces
  3626 | D:5      | Bought a scroll of identify for 22 gold pieces
  3626 | D:5      | Bought a scroll of identify for 22 gold pieces
  3626 | D:5      | Bought a scroll of fog for 22 gold pieces
  3626 | D:5      | Bought a scroll of random uselessness for 11 gold pieces
  4044 | D:5      | crauler: duhz?
  4049 | D:5      | ololoev: yep
  4094 | D:5      | Found a blossoming altar of Fedhas.
  4262 | D:6      | crauler: hleb or tsoy?
  4262 | D:6      | ololoev: tsoy
  4321 | D:6      | Reached skill level 10 in Axes
  4321 | D:6      | Reached XP level 9. HP: 43/79 MP: 12/12
  4882 | D:6      | Found a staircase to the Ecumenical Temple.
  4894 | Temple   | Entered the Ecumenical Temple
  4911 | Temple   | Became a worshipper of the Shining One
  5097 | D:7      | Reached skill level 1 in Invocations
  5291 | D:7      | crauler: got buckler?
  5303 | D:7      | ololoev: gonna go 2h
  5355 | D:7      | Noticed Prince Ribbit
  5361 | D:7      | crauler: could wear it for a while
  5484 | D:7      | Reached skill level 11 in Axes
  5539 | D:7      | Reached skill level 5 in Evocations
  5851 | D:7      | Reached * piety under the Shining One
  6133 | D:7      | Killed Prince Ribbit
  6262 | D:7      | Noticed Dowan
  6263 | D:7      | Noticed Duvessa
  6269 | D:7      | Killed Dowan
  6269 | D:7      | Reached XP level 10. HP: 88/88 MP: 13/13
  6271 | D:7      | Killed Duvessa
  6275 | D:7      | DEFE: на самом деле бонус к точности очень крут в ирли
  6533 | D:7      | Reached skill level 5 in Invocations
  6546 | D:7      | ololoev: ага, главное получить однотайловый радиус хотя-бы
  6546 | D:7      | ololoev: потом вяские пчелы ложатся только так
  6546 | D:7      | DEFE: ТСО не одобряет каннибалов
  6917 | D:8      | Found a staircase to the Lair.
  6918 | D:8      | Noticed an elephant
  6927 | D:8      | Reached skill level 12 in Axes
  6934 | D:8      | Killed an elephant
  7145 | D:8      | Reached ** piety under the Shining One
  7300 | D:8      | Noticed a brown ugly thing
  7316 | D:8      | Killed a brown ugly thing
  7333 | D:8      | Noticed a gargoyle
  7357 | D:8      | Killed a gargoyle
  7599 | D:8      | Found a glowing silver altar of Zin.
  7961 | D:9      | ololoev: хмм
  7961 | D:9      | ololoev: ностиь ли веру
  7961 | D:9      | ololoev: по идее депсы уже близко, наверное надо пити больше
  7996 | D:9      | Found a stormy altar of Qazlal.
  8034 | D:9      | partizan: я бв не стал, но я наверно не про)
  8089 | D:9      | Found a shattered altar of Ashenzari.
  8148 | D:9      | Found a shimmering altar of Xom.
  8308 | D:9      | Reached XP level 11. HP: 68/95 MP: 16/16
  8444 | D:9      | Reached skill level 13 in Axes
  8621 | D:5      | Bought a scroll of enchant armour for 82 gold pieces
  8621 | D:5      | Bought a scroll of vulnerability for 82 gold pieces
  8621 | D:5      | Bought a scroll of amnesia for 38 gold pieces
  8749 | D:10     | Entered Level 10 of the Dungeon
  8749 | D:10     | Noticed a hill giant
  8756 | D:10     | Killed a hill giant
  8805 | D:10     | Found a flagged portal.
  8854 | Bailey   | Entered a bailey
  8864 | Bailey   | Noticed a deep elf mage
  8869 | Bailey   | Killed a deep elf mage
  8879 | Bailey   | Noticed a deep elf mage
  8881 | Bailey   | Noticed a deep elf mage
  8881 | Bailey   | Noticed a deep elf mage
  8881 | Bailey   | Reached *** piety under the Shining One
  8881 | Bailey   | Noticed a deep elf mage
  8881 | Bailey   | Noticed a deep elf mage
  8882 | Bailey   | Noticed a deep elf mage
  8891 | Bailey   | Killed a deep elf mage
  8897 | Bailey   | Killed a deep elf mage
  8901 | Bailey   | Killed a deep elf mage
  8909 | Bailey   | Killed a deep elf mage
  8911 | Bailey   | Killed a deep elf mage
  8914 | Bailey   | Killed a deep elf mage
  9153 | Bailey   | Noticed a deep elf archer
  9181 | Bailey   | Killed a deep elf archer
  9487 | Bailey   | Noticed a deep elf mage
  9487 | Bailey   | Noticed a deep elf mage
  9499 | Bailey   | Killed a deep elf mage
  9499 | Bailey   | Reached skill level 14 in Axes
  9500 | Bailey   | Killed a deep elf mage
  9592 | D:10     | Noticed a hill giant
  9592 | D:10     | Noticed a hill giant
  9595 | D:10     | Reached skill level 10 in Invocations
  9601 | D:10     | Killed a hill giant
  9603 | D:10     | Killed a hill giant
  9613 | D:10     | crauler: альтернатива ждать до батлакса?
  9619 | D:10     | crauler: тьфу
  9619 | D:10     | crauler: до регена?
  9619 | D:10     | crauler: а, уже поздно
  9628 | D:10     | Reached skill level 10 in Fighting
  9757 | D:10     | Reached XP level 12. HP: 95/106 MP: 19/19
  9860 | D:10     | Found a staircase to the Orcish Mines.
 10308 | D:10     | Found Uhevop's Assorted Antiques.
 10386 | D:10     | crauler: кхуфу дурик
 10403 | D:10     | crauler: заспавнился в волте в крипте
 10530 | D:10     | crauler: где стоит сайлент спектр
 10955 | D:11     | Reached **** piety under the Shining One
 10966 | D:11     | Reached skill level 15 in Axes
 11362 | D:11     | Noticed Maurice
 11389 | D:11     | Killed Maurice
 11936 | D:11     | Noticed a centaur warrior
 11946 | D:11     | Killed a centaur warrior
 11952 | D:11     | Reached skill level 10 in Armour
 12163 | D:11     | Noticed Maud
 12171 | D:11     | Killed Maud
 12276 | D:12     | Noticed Gastronok
 12301 | D:12     | Killed Gastronok
 12301 | D:12     | Reached skill level 16 in Axes
 12301 | D:12     | Reached XP level 13. HP: 67/116 MP: 22/22
 12487 | D:12     | Found Tiritute's Distillery.
 12491 | D:12     | Bought a potion of resistance for 160 gold pieces
 12626 | D:12     | Noticed Azrael
 12629 | D:12     | Killed Azrael
 13241 | D:12     | Found Keafewuh's Armour Shop.
 13275 | D:12     | Found an oddly glowing altar of Pakellas.
 13604 | D:12     | Found an ancient bone altar of Kikubaaqudgha.
 13751 | D:12     | Found Axijisch's Food Emporium.
 13840 | D:13     | crauler: The spriggan air mage gestures obscenely.
 13878 | D:13     | crauler: fuck you, too
 13881 | D:13     | Reached ***** piety under the Shining One
 14198 | D:13     | Noticed an ogre mage
 14210 | D:13     | Killed an ogre mage
 14224 | D:13     | HP: 4/117 [yaktaur/bolt (3)]
 14577 | D:13     | Reached skill level 17 in Axes
 15075 | D:13     | Found a gate to the Vaults.
 15273 | D:13     | jacquesderrida: ХАЙ ЧЕ ТУТ
 15273 | D:13     | jacquesderrida: Прототарзан!!
 15273 | D:13     | jacquesderrida: Novy slovinsky
 15273 | D:13     | jacquesderrida: А также старые, senile slovinsky
 15273 | D:13     | jacquesderrida: NOIS
 15273 | D:13     | ololoev: yo
 15477 | D:13     | Reached XP level 14. HP: 113/126 MP: 24/24
 15631 | D:14     | Found a labyrinth entrance.
 15645 | Lab      | Entered a labyrinth
 15649 | Lab      | jacquesderrida: HAI
 16548 | Lab      | crauler: как же алхимик упрощает подбор вещей
 16618 | Lab      | crauler: взял еще рФ и рС и дальше можно тупо набирать статы
 16667 | Lab      | jacquesderrida: зач еще?
 16682 | Lab      | jacquesderrida: Все резисты после + переоценены...........
 16779 | D:14     | jacquesderrida: Я щетаю!!...
 16818 | D:14     | Reached skill level 15 in Invocations
 17063 | D:14     | Got a dazzling helmet
 17074 | D:14     | Identified the cursed +0 helmet of Kipecs {Int-2 Dex+6 SInv} (You found it on level 14 of the Dungeon)
 17090 | D:14     | jacquesderrida: Ниче се как казуально зотабел смерторатаря с отражением урона...
 17134 | D:14     | jacquesderrida: MOCHISH LALIEV
 17184 | D:14     | crauler: что за вратарь смерти?
 17205 | D:13     | crauler: а
 17205 | D:13     | crauler: рыцаль
 17675 | D:14     | crauler: к лейту таки плюсу дальше первого необходимы
 17713 | D:14     | crauler: но третий это уже роскошь а не необходимость
 17717 | D:14     | Reached skill level 1 in Dodging
 18026 | D:14     | crauler: *плюс
 18168 | D:14     | Noticed Agnes
 18177 | D:14     | Killed Agnes
 18177 | D:14     | Reached skill level 18 in Axes
 18299 | D:14     | Noticed Roxanne
 18444 | D:14     | Found a glowing silver altar of Zin.
 18659 | D:15     | Entered Level 15 of the Dungeon
 19437 | D:15     | Found a staircase to the Depths.
 19454 | D:15     | DEFE: rC и rF минмум для депсов у меня
 19457 | D:15     | DEFE: по плюсу
 19476 | D:15     | jacquesderrida: РАТНЫХ ДЕЛ МАСТЕР........
 19770 | D:15     | jacquesderrida: Нах они нужны
 20042 | D:15     | Reached XP level 15. HP: 111/131 MP: 27/27
 20071 | D:15     | jacquesderrida: Со среднего болта огня срежет 5 единиц урона...
 20133 | D:15     | jacquesderrida: Если есть альтернативы, то можно и пожертвовать!
 20483 | Depths:1 | Entered Level 1 of the Depths
 20484 | Depths:1 | ololoev: помер
 20488 | D:15     | HP: 3/132 [spark wasp (14)]
 20490 | D:15     | partizan: а вылезти было?
 20495 | D:15     | ololoev: а нет
 20495 | D:15     | crauler: ох блин
 20553 | D:15     | partizan: о норм)
 20680 | D:15     | crauler: надо было вылезти же
 20680 | D:15     | crauler: еще одну пчелу притащил с собой в результате
 20921 | Depths:1 | Shot with a bolt by a yaktaur

Dungeon Overview and Level Annotations

Branches:
Dungeon (15/15)            Temple (1/1) D:6            Lair (0/8) D:8
    Orc (0/2) D:10         Vaults (0/5) D:13         Depths (1/5) D:15

Altars:
Ashenzari
Cheibriados
Fedhas
Kikubaaqudgha
Makhleb
Nemelex Xobeh
Okawaru
Pakellas
Qazlal
Sif Muna
Trog
Xom
Zin
The Shining One

Shops:
D:10 *   D:12 [%!

Annotations:
D:3 exclusion: door
D:14 exclusion: Roxanne, Roxanne


Message History

The bolt closely misses you.
A yaktaur and a rakshasa come into view.
There is a staircase back to the Dungeon, spattered with blood here.
You see here 4 bolts.
The yaktaur shoots a bolt.
You reflect the bolt off an invisible shield around you!
The bolt hits the yaktaur!
The yaktaur shoots a bolt.
The bolt hits you but does no damage. The white very ugly thing claws you.
The white very ugly thing freezes you!! The spark wasp misses you.
You climb upwards.
Welcome back to the Dungeon!
There is a staircase to the Depths, spattered with blood here.
Unknown command.
You slice the white very ugly thing!! You burn the white very ugly thing.
The white very ugly thing is moderately wounded.
The white very ugly thing closely misses you.
Unknown command.
You slice the white very ugly thing!! You burn the white very ugly thing!
The white very ugly thing is severely wounded.
Unknown command.
You slice the white very ugly thing!! You burn the white very ugly thing!
You kill the white very ugly thing!
Unknown command.
Put on which piece of jewellery? (? for menu, Esc to quit)
Okay, then.
You start resting.
You feel a little less mighty now.
You start resting.
You feel a little less agile now.
You start resting.
A boggart is nearby!
The boggart shouts!
The boggart mumbles some strange words.
The boggart closely misses you.
You slash the boggart! You burn the boggart.
The boggart is severely wounded.
The boggart hits you.
You slash the boggart! You burn the boggart.
You kill the boggart!
The yaktaur dissolves into shadows!
You now have 387 gold pieces (gained 19).
There is a staircase to the Depths, spattered with blood here.
You start resting.
HP restored.
Drink which item? (? for menu, Esc to quit)
You feel very mighty all of a sudden.
Drink which item? (? for menu, Esc to quit)
You feel agile all of a sudden.
You climb downwards.
Welcome to the Depths!
The yaktaur shoots a bolt.
The bolt hits you.
The yaktaur shoots a bolt.
You reflect the bolt off an invisible shield around you!
The bolt hits the yaktaur!!
The basilisk gazes at you.
You are slowing down.
There is a staircase back to the Dungeon, spattered with blood here.
You see here 6 bolts.
The basilisk gazes at you.
You easily resist.
The yaktaur shoots a bolt.
The bolt hits you!
The yaktaur shoots a bolt.
The bolt hits you!
The yaktaur shoots a bolt.
The bolt closely misses you. The spark wasp stings you.
The spark wasp shocks you!
Your limbs are stiffening.
The spark wasp stings you!! The spark wasp shocks you!
The yaktaur shoots a bolt.
The bolt hits you!
The spark wasp stings you but does no damage.
The rakshasa weaves an illusion.
The yaktaur shimmers and seems to become two!
The basilisk gazes at you.
You easily resist.
You have turned to stone.
The yaktaur shouts!
The spark wasp stings you! The spark wasp shocks you!
The yaktaur shoots a bolt.
The bolt hits you!!
The yaktaur shoots a bolt.
The bolt hits you but does no damage.
The bolt shimmers and vanishes!
The spark wasp stings you. The spark wasp shocks you!
The spark wasp stings you but does no damage.
The yaktaur shoots a bolt.
The bolt hits you. The spark wasp stings you!! The spark wasp shocks you!
The yaktaur wields an arbalest.
The yaktaur shoots a bolt.
The bolt hits you!
The rakshasa hits you from afar with a trident.
The spark wasp stings you but does no damage.
The yaktaur shoots a bolt.
The bolt hits you!!
You die...

You could see a rakshasa, a spark wasp, 8 yaktaurs and a basilisk.

Vanquished Creatures
  Gastronok (D:12)
  Agnes (D:14)
  Maud (D:11)
  Azrael (D:12)
  A very ugly thing (D:15)
  2 spark wasps (D:15)
  A minotaur (Lab)
  A death knight (D:14)
  An ogre mage (D:13)
  4 centaur warriors
  3 hydras
  2 tengu warriors
  A vampire mage (D:15)
  3 skeletal warriors
  3 unseen horrors
  A death drake (shapeshifter) (D:15)
  12 hill giants
  2 phantasmal warriors (D:14)
  A deep elf archer (Bailey)
  A necromancer (D:15)
  Pikel (D:5)
  An orc knight (D:15)
  13 ugly things
  10 deep elf magi
  A hornet (shapeshifter) (D:13)
  A stone giant zombie (D:15)
  A manticore (D:15)
  4 cyclopes
  A tengu skeleton (D:15)
  An elephant (D:8)
  Maurice (D:11)
  2 gargoyles
  A komodo dragon (D:13)
  An elf zombie (D:15)
  4 yaktaurs
  A freezing wraith (D:14)
  A tengu conjurer (D:13)
  2 two-headed ogres
  6 trolls
  Prince Ribbit (D:7)
  3 slime creatures (D:12)
  A deep troll zombie (D:15)
  A shadow (D:13)
  3 wraiths (D:14)
  12 yaks
  2 basilisks (D:15)
  A hungry ghost (D:14)
  6 fire elementals (D:12)
  5 hippogriffs
  2 steam dragons
  Edmund (D:5)
  2 mottled dragons (D:13)
  2 vampire mosquitoes (D:13)
  A warg (D:15)
  2 hell hounds (D:12)
  A water moccasin (D:7)
  Duvessa (D:7)
  3 ice beasts
  10 orc warriors
  8 sky beasts
  4 phantoms
  A black bear (D:12)
  A wasp (D:13)
  2 slaves (D:5)
  2 necrophages
  9 ogres
  3 boggarts (D:15)
  5 eyes of draining
  8 centaurs
  3 crocodiles
  9 big kobolds
  10 giant frogs
  A gnoll sergeant (D:10)
  A wyvern zombie (D:11)
  A water moccasin zombie (D:8)
  3 scorpions
  Dowan (D:7)
  2 water moccasin skeletons
  7 wights
  3 howler monkeys (D:7)
  5 crimson imps
  6 centaur zombies
  5 jellies
  A quasit (D:10)
  7 hounds
  Crazy Yiuf (D:2)
  A gnoll shaman (D:10)
  9 orc priests
  5 centaur skeletons
  3 giant frog skeletons
  9 orc wizards
  Ijyb (D:3)
  3 iguanas
  18 worker ants
  Natasha (thrice) (D:2)
  5 sheep
  2 hound zombies
  2 hound skeletons
  A worker ant zombie (D:9)
  19 adders
  10 gnolls
  8 shadow imps
  An adder zombie (D:5)
  3 adder skeletons
  5 worms
  3 dart slugs
  2 giant geckos
  52 orcs
  11 bats
  7 goblins
  6 hobgoblins
  13 jackals
  A quokka (D:9)
  3 ball pythons
  8 giant newts
  A jackal skeleton (D:8)
  18 kobolds
  2 quokka skeletons
  9 rats
  3 withered plants (D:15)
512 creatures vanquished.

Vanquished Creatures (collateral kills)
  A centaur warrior (D:13)
  A deep elf knight (D:13)
  2 deep elf magi (D:13)
  2 yaktaurs (D:13)
  A gargoyle (D:13)
  2 two-headed ogres (D:13)
  A boggart (D:13)
  3 centaurs (D:13)
13 creatures vanquished.

Vanquished Creatures (others)
  A killer bee zombie (D:5)
  A kobold (D:13)
2 creatures vanquished.

Grand Total: 527 creatures vanquished

Action                   |  1- 3 |  4- 6 |  7- 9 | 10-12 | 13-15 || total
-------------------------+-------+-------+-------+-------+-------++-------
Melee: War axe           |   104 |   192 |   380 |   198 |       ||   874
       Battleaxe         |       |       |       |   339 |   424 ||   763
Invok: Divine Shield     |       |       |       |     2 |       ||     2
       Cleansing Flame   |       |       |       |       |     9 ||     9
       Summon Divine War |       |       |       |       |     2 ||     2
 Abil: Evoke Berserk Rag |       |     5 |     8 |     4 |       ||    17
Evoke: Wand              |       |       |     1 |    18 |     7 ||    26
  Use: Scroll            |       |       |    10 |     7 |    18 ||    35
       Potion            |       |       |       |     7 |    20 ||    27
  Eat: Chunk             |       |    10 |    17 |    16 |    21 ||    64
       Royal jelly       |       |       |       |     2 |     2 ||     4
       Meat ration       |       |       |       |     1 |     1 ||     2
Armor: Scale mail        |    87 |    95 |       |       |   113 ||   295
       Ring mail         |       |    12 |   180 |   139 |       ||   331
       Plate armour      |       |       |       |   141 |   131 ||   272
Dodge: Dodged            |    74 |   109 |   169 |   214 |   178 ||   744
Block: Other             |       |       |       |    10 |     4 ||    14
       Reflection        |       |       |       |       |     3 ||     3

Vault maps used:
D:1:      erik_arrival_triangle_small, minmay_misc_feat_nine_boxes
D:2:      uniq_natasha, uniq_crazy_yiuf_cottage
D:3:      led_sif_book, first_bread, uniq_iyjb
D:4:      trog_eyes_of_draining, hangedman_abyss_or_decor_jellyfish_corner
D:5:      lemuel_round_altar, basic_altar, serial_shops, kennysheep_mini,
          uniq_edmund, uniq_pikel
D:6:      minmay_temple_entry_purple_smoke
D:7:      uniq_duvessa, uniq_prince_ribbit1
D:8:      overflow_temple_1_default, david_lair_generic, blue_anna_alchemist
D:9:      lemuel_round_altar, nicolae_ashenzari_panopticon, lemuel_doored_altar
D:10:     kennysheep_orc_monster_closet_entryway, enter_bailey_1, serial_shops,
          nicolae_shop_behind_doors
D:11:     uniq_maud, uniq_maurice
D:12:     serial_shops, nicolae_shop_crystal, shop, shop,
          hangedman_feature_mirror, uniq_azrael, uniq_gastronok
D:13:     minmay_box_of_statues, hangedman_vaults_entry_quadrant_bands
D:14:     lemuel_crystal_altar, lab_entry_generic, uniq_agnes, uniq_roxanne
D:15:     gammafunk_depths_entry_grave, nicolae_wwwww, serial_glass,
          glass_columns_a, glass_columns_a, feat_on_display,
          due_unseen_surprise, grunt_ministairs_10
Temple:   nicolae_temple_god_jail
Depths:1: abyss_entry, pf_hell_entry_tar_spiral, serial_bayou_pond_e,
          nicolae_evil_shop, uniq_asterion
Lab:      nicolae_lab_plus
Bailey:   bailey_polearm_3, bailey
